 Dungeon Crawl Stone Soup version 0.26-a0-639-g72c4674329 (webtiles) character file.

Game seed: 8620158675282588599

214 Conn the Magician (level 5, 0/28 HPs)
             Began as an Octopode Hedge Wizard on Sept 19, 2020.
             Was an Initiate of Vehumet.
             Slain by Grinder (4 damage)
             ... while paralysed by Grinder
             ... on level 3 of the Dungeon.
             The game lasted 00:11:16 (3649 turns).

Conn the Magician (Octopode Hedge Wizard)           Turns: 3649, Time: 00:11:17

Health: 0/28       AC:  1    Str:  9    XL:     5   Next: 91%
Magic:  1/11       EV:  2    Int: 17    God:    Vehumet [......]
Gold:   135        SH:  0    Dex: 12    Spells: 1/12 levels left

rFire    . . .     SeeInvis +   j - +4 quarterstaff (chaos)
rCold    . . .     Faith    .   (shield currently unavailable)
rNeg     . . .     Spirit   .   b - +0 hat
rPois    .         Reflect  .   (no amulet)
rElec    .         Harm     .   d - ring of see invisible
rCorr    .         Rampage  .   (no ring)
MR       .....                  (no ring)
Stlth    +++.......             (no ring)
HPRegen  0.09/turn              (no ring)
MPRegen  0.12/turn              (no ring)
                                (no ring)
                                (no ring)

@: paralysed
A: almost no armour, stealthy swim, amphibious, 8 rings, constrict 8, tentacle
spike 1, camouflage 1, frail 1, gelatinous body 1, evolution 1
a: Renounce Religion


You were on level 3 of the Dungeon.
You worshipped Vehumet.
Vehumet was noncommittal.
You visited 1 branch of the dungeon, and saw 3 of its levels.

You collected 135 gold pieces.

Inventory:

Hand Weapons
 a - a +0 dagger
 j - a +4 quarterstaff of chaos (weapon)
 k - a +5 flail
Armour
 b - a +0 hat (worn)
 l - a +0 buckler
Jewellery
 d - a ring of see invisible (left tentacle)
Wands
 i - a wand of random effects (20)
Scrolls
 c - 3 scrolls of identify
 f - a scroll of immolation
 g - a scroll of enchant armour {unknown}
 n - 4 scrolls of remove curse
Potions
 e - a potion of magic
 h - a potion of cancellation


   Skills:
 + Level 0.3 Fighting
 + Level 0.5 Short Blades
 * Level 1.3 Maces & Flails
 * Level 3.1 Dodging
 + Level 4.1 Stealth
 + Level 4.3 Spellcasting
 + Level 1.8 Conjurations
 + Level 1.3 Summonings
 + Level 1.0 Translocations


You had one spell level left.
You knew the following spells:

 Your Spells              Type           Power        Failure   Level
a - Magic Dart            Conj           #...         7%          1
b - Blink                 Tloc           N/A          16%         2
c - Call Imp              Summ           #.......     13%         2
d - Conjure Flame         Conj/Fire      #.......     30%         3
e - Mephitic Cloud        Conj/Pois/Air  #.......     34%         3

Your spell library contained the following spells:

 Spells                   Type           Power        Failure   Level
 Slow                     Hex            #.......     24%         2


Dungeon Overview and Level Annotations

Branches:
Dungeon (3/15)

Altars:
Makhleb
Okawaru
Vehumet

Annotations:
D:2 Sigmund
D:3 Grinder


Innate Abilities, Weirdness & Mutations

You cannot wear most types of armour.
You are very stealthy in the water. (Stealth+)
You are amphibious.
You can wear up to eight rings at the same time.
You can use your tentacles to constrict eight enemies at once.
Your skin changes colour to match your surroundings (Stealth+).
Your rubbery body absorbs attacks. (AC +1, EV +1)
One of your tentacles bears a spike.
You are frail. (-10% HP)
You evolve.


Message History

You constrict Grinder.
Your crimson imp hits Grinder.
Grinder blinks free!
Your crimson imp blinks!
Evoke which item? (* to show all) (? for menu, Esc to quit)
Aiming: Random Effects
Press: ? - help, Shift-Dir - straight line, f/p - Grinder
Aim: Grinder (moderately wounded)
The mass of ice explodes!
The iceblast engulfs Grinder.
Grinder partially resists.
Grinder is heavily wounded.
Your crimson imp blinks!
You barely miss Grinder. Your grab misses Grinder.
You pierce Grinder.
Grinder is heavily wounded.
Grinder gestures at you.
You suddenly lose the ability to move!
Grinder hits you!
You writhe in agony.
Your crimson imp blinks!
Grinder hits you!
* * * LOW HITPOINT WARNING * * *
You writhe in agony.
You die...

############ ###########
#...........
..........###...........
........................
........................
..........ยง.............
.......5................
.......@.....#+#.....###
#######5...>............
#...........####........
#....###5...+.....##....
#... #....####...#....
#.# #.#..# #...#.... #
#.#..# #...#.... #.#....
+...'....
#.#.#####...#####


You could see Grinder and 2 friendly crimson imps.

Vanquished Creatures
  A hound (D:2)
  3 adders
  A worm (D:3)
  3 dart slugs
  A leopard gecko (D:3)
  5 orcs
  2 giant cockroaches (D:1)
  8 goblins
  5 hobgoblins
  3 jackals (D:2)
  2 quokkas
  A ball python (D:3)
  5 bats
  2 frilled lizards (D:1)
  5 kobolds
  4 rats
51 creatures vanquished.

Vanquished Creatures (collateral kills)
  Purgy (D:3)
  Crazy Yiuf (D:3)
  A kobold (D:3)
3 creatures vanquished.

Grand Total: 54 creatures vanquished

Notes
Turn   | Place    | Note
-------+----------+-------------------------------------------
     0 | D:1      | Conn the Octopode Hedge Wizard began the quest for the Orb.
     0 | D:1      | Reached XP level 1. HP: 11/11 MP: 4/4
   261 | D:1      | Reached XP level 2. HP: 17/17 MP: 3/6
   299 | D:1      | Learned a level 2 spell: Blink
   302 | D:1      | Learned a level 2 spell: Call Imp
   743 | D:1      | Reached XP level 3. HP: 21/21 MP: 2/8
   748 | D:1      | Learned a level 3 spell: Conjure Flame
  1260 | D:2      | Found a burning altar of Makhleb.
  1268 | D:2      | Reached XP level 4. HP: 11/27 MP: 9/9
  1882 | D:2      | Found an iron altar of Okawaru.
  1979 | D:2      | Found a radiant altar of Vehumet.
  1988 | D:2      | Became a worshipper of Vehumet
  2229 | D:2      | Noticed Sigmund
  2256 | D:2      | Gained mutation: You are frail. (-10% HP) [potion of
                  | mutation]
  2256 | D:2      | Gained mutation: You evolve. [potion of mutation]
  2607 | D:3      | Gained mutation: One of your tentacles bears a spike.
                  | [evolution]
  2640 | D:3      | Noticed Purgy
  2658 | D:3      | Learned a level 3 spell: Mephitic Cloud
  2676 | D:3      | Killed Purgy
  2676 | D:3      | Reached XP level 5. HP: 16/27 MP: 1/11
  2983 | D:3      | Noticed Grinder
  3023 | D:3      | Reached skill level 1 in Maces & Flails
  3366 | D:3      | Found a runed translucent door.
  3367 | D:3      | Noticed Crazy Yiuf
  3402 | D:3      | Killed Crazy Yiuf
  3647 | D:3      | Paralysed by Grinder for 3 turns
  3649 | D:3      | Slain by Grinder

Illustrated notes

Levels and vault maps discovered:
D:1:      dpeg_arrival_three_bigger_balls, layout_rooms
D:2:      layout_rooms, lemuel_doored_altar, makhleb_blood_cavern_becter,
          columned_hall_lemuel, kennysheep_doodads, okawaru_gym_becter,
          uniq_sigmund
D:3:      layout_basic, uniq_crazy_yiuf_cottage, uniq_grinder, uniq_purgy

Skill      XL: |  1  2  3  4  5 |
---------------+----------------+-----
Stealth        | 3 4 |  4.1
Spellcasting   | 4 |  4.3
Dodging        | 3 |  3.1
Maces & Flails | 1 |  1.3
Fighting       | |  0.3
Short Blades   | |  0.5
Conjurations   | |  1.8
Summonings     | |  1.3
Translocations | |  1.0

Action                   |  1- 3 |  4- 6 || total
-------------------------+-------+-------++-------
Melee: Dagger            |    34 |     3 ||    37
       Constrict         |     9 |     7 ||    16
       Tentacles         |     4 |     5 ||     9
       Flail             |       |    31 ||    31
       Kick              |       |     7 ||     7
       Quarterstaff      |       |     2 ||     2
 Cast: Magic Dart        |    38 |    36 ||    74
       Call Imp          |       |    14 ||    14
Evoke: Wand              |       |     1 ||     1
  Use: Scroll            |     2 |     5 ||     7
       Potion            |       |     5 ||     5
 Stab: Sleeping          |     3 |     3 ||     6
Armor: Skin              |     3 |       ||     3
Dodge: Dodged            |    18 |    34 ||    52
Block: Buckler           |       |     1 ||     1

Table legend: (Time is in decaauts)
 A = Elapsed time spent in this place.
 B = Non-inter-level travel time spent in this place.
 C = Inter-level travel time spent in this place.
 D = Time resting spent in this place.
 E = Time spent auto-exploring this place.
 F = Levels seen in this place.
 G = Mean time per level.
                   A        B        C        D        E       F      G
               +--------+--------+--------+--------+--------+-----+--------+
         Total |   3668 |   3602 |     66 |   1393 |   1325 |   3 | 1222.7 |
       Dungeon |   3668 |   3602 |     66 |   1393 |   1325 |   3 | 1222.7 |
               +--------+--------+--------+--------+--------+-----+--------+

Top non-repeatable levels by time:
     D:1: 1319 daAuts
     D:2: 1257 daAuts
     D:3: 1091 daAuts
